TOP OF THE 1ST |
Riverside Red Bulls batting - Pitching for San Diego Smashers : LHP John Lawson
|
Pitching: LHP John Lawson
|
|
Batting: RHB Joe Scott
|
0-0: Ball 1-0: Ball 2-0: Called Strike 2-1: Ball 3-1: Swinging Strike 3-2: Strikes out swinging
|
Batting: RHB José Zúñiga
|
0-0: Called Strike 0-1: Fly out, F8 (Flyball, 8LM)
|
Batting: SHB Sloan James
|
0-0: Ball 1-0: Foul Ball, location: 2F 1-1: SINGLE (Groundball, 6M) (infield hit)
|
Batting: LHB Jorge Meléndez
|
0-0: Ball 1-0: Foul Ball, location: 2F 1-1: Foul Ball, location: 2F 1-2: SINGLE (Groundball, 4M) Sloan James to second
|
Batting: RHB Chris Osborn
|
0-0: Called Strike 0-1: Ball 1-1: Ball 2-1: Swinging Strike 2-2: Strikes out swinging
|
Top of the 1st over - 0 run(s), 2 hit(s), 0 error(s), 2 left on base; Riverside 0 - San Diego 0 |
BOTTOM OF THE 1ST |
San Diego Smashers batting - Pitching for Riverside Red Bulls : RHP Derrick Baird
|
Pitching: RHP Derrick Baird
|
|
Batting: RHB Luis Peña
|
0-0: Called Strike 0-1: Called Strike 0-2: Ball 1-2: Strikes out swinging
|
Batting: RHB Cisco Gatán
|
0-0: Ball 1-0: Ball 2-0: Ball 3-0: Called Strike 3-1: SOLO HOME RUN (Flyball, 78XD), Distance : 405 ft
|
Batting: LHB António Glaviz
|
0-0: Called Strike 0-1: Foul Ball, location: 2F 0-2: Hit by Pitch
|
Batting: LHB Jeffrey Bascombe
|
0-0: Ball 1-0: Called Strike António Glaviz is caught stealing 2nd base 1-1: Ground out 4-3 (Groundball, 4)
|
Bottom of the 1st over - 1 run(s), 1 hit(s), 0 error(s), 0 left on base; Riverside 0 - San Diego 1 |
TOP OF THE 2ND |
Riverside Red Bulls batting - Pitching for San Diego Smashers : LHP John Lawson
|
Batting: RHB Júlio García
|
0-0: Ball 1-0: Ball 2-0: Ball 3-0: Called Strike 3-1: Foul Ball, location: 2F 3-2: Foul Ball, location: 2F 3-2: Foul Ball, location: 2F 3-2: Foul Ball, location: 2F 3-2: Fly out, F8 (Flyball, 8LM)
|
Batting: RHB Kyle Bacon
|
0-0: Ball 1-0: Called Strike 1-1: Ground out 5-3 (Groundball, 15S)
|
Batting: RHB Soshu Nakamura
|
0-0: Called Strike 0-1: Ground out 4-3 (Groundball, 4M)
|
Top of the 2nd over - 0 run(s), 0 hit(s), 0 error(s), 0 left on base; Riverside 0 - San Diego 1 |
BOTTOM OF THE 2ND |
San Diego Smashers batting - Pitching for Riverside Red Bulls : RHP Derrick Baird
|
Batting: LHB Pedro Cruz
|
0-0: Called Strike 0-1: Ball 1-1: Ground out 6-3 (Groundball, 6M)
|
Batting: LHB Raúl Guerra
|
0-0: Foul Ball, location: 2F 0-1: Ball 1-1: Called Strike 1-2: Ball 2-2: Strikes out swinging
|
Batting: RHB Francisco Castillo
|
0-0: Called Strike 0-1: Called Strike 0-2: Ball 1-2: Strikes out swinging
|
Bottom of the 2nd over - 0 run(s), 0 hit(s), 0 error(s), 0 left on base; Riverside 0 - San Diego 1 |
TOP OF THE 3RD |
Riverside Red Bulls batting - Pitching for San Diego Smashers : LHP John Lawson
|
Batting: SHB Chun-yeong Kim
|
0-0: Ball 1-0: Foul Ball, location: 2F 1-1: Ball 2-1: Fly out, F8 (Flyball, 8LM)
|
Batting: RHB Joe Scott
|
0-0: Called Strike 0-1: Fly out, F4 (Line Drive, 4)
|
Batting: RHB José Zúñiga
|
0-0: Ball 1-0: Foul Ball, location: 2F 1-1: SINGLE (Flyball, 8RS)
|
Batting: SHB Sloan James
|
0-0: Fly out, F6 (Line Drive, 6)
|
Top of the 3rd over - 0 run(s), 1 hit(s), 0 error(s), 1 left on base; Riverside 0 - San Diego 1 |
BOTTOM OF THE 3RD |
San Diego Smashers batting - Pitching for Riverside Red Bulls : RHP Derrick Baird
|
Batting: RHB Armando Cruz
|
0-0: Ball 1-0: Foul Ball, location: 2F 1-1: Called Strike 1-2: Foul Ball, location: 2F 1-2: Ground out 1-3 (Groundball, 25)
|
Batting: RHB Justin Burgess
|
0-0: Ball 1-0: Ball 2-0: Swinging Strike 2-1: Foul Ball, location: 2F 2-2: Ball 3-2: Foul Ball, location: 2F 3-2: Foul Ball, location: 2F 3-2: Base on Balls
|
Batting: RHB Luis Peña
|
0-0: Ball 1-0: Foul Ball, location: 2F 1-1: Ball 2-1: Ball 3-1: Foul Ball, location: 2F 3-2: Base on Balls Justin Burgess to second
|
Batting: RHB Cisco Gatán
|
0-0: Ball 1-0: Called Strike 1-1: Called Strike 1-2: Foul Ball, location: 2F 1-2: Ball 2-2: Fielders Choice at 2nd, 1-6 (Groundball, 15S) Justin Burgess to third
|
Batting: LHB António Glaviz
|
0-0: Fielders Choice at 2nd, U6 (Groundball, 6M)
|
Bottom of the 3rd over - 0 run(s), 0 hit(s), 0 error(s), 2 left on base; Riverside 0 - San Diego 1 |
TOP OF THE 4TH |
Riverside Red Bulls batting - Pitching for San Diego Smashers : LHP John Lawson
|
Batting: LHB Jorge Meléndez
|
0-0: Ball 1-0: DOUBLE (Flyball, 7LD)
|
Batting: RHB Chris Osborn
|
0-0: 2-RUN HOME RUN (Line Drive, 7D), Distance : 336 ft
|
Batting: RHB Júlio García
|
0-0: Ball 1-0: Called Strike 1-1: Ground out 5-3 (Groundball, 5S)
|
Batting: RHB Kyle Bacon
|
0-0: Fly out, F7 (Flyball, 7LM)
|
Batting: RHB Soshu Nakamura
|
0-0: Foul Ball, location: 2F 0-1: Ball 1-1: Foul Ball, location: 2F 1-2: Ball 2-2: Ground out 1-3 (Groundball, 15S)
|
Top of the 4th over - 2 run(s), 2 hit(s), 0 error(s), 0 left on base; Riverside 2 - San Diego 1 |
BOTTOM OF THE 4TH |
San Diego Smashers batting - Pitching for Riverside Red Bulls : RHP Derrick Baird
|
Batting: LHB Jeffrey Bascombe
|
0-0: Ball 1-0: Foul Ball, location: 2F 1-1: Ball 2-1: Swinging Strike 2-2: Ball 3-2: Base on Balls
|
Batting: LHB Pedro Cruz
|
0-0: Foul Ball, location: 2F 0-1: Foul Ball, location: 2F 0-2: Ball 1-2: Fielders Choice at 2nd, 6-4 (Groundball, 6M)
|
Batting: LHB Raúl Guerra
|
0-0: Ball 1-0: SINGLE (Groundball, 34D) Pedro Cruz to second Runner from 2nd tries for 3rd, SAFE, no throw or cutoff
|
Batting: RHB Francisco Castillo
|
0-0: Ball 1-0: Ball 2-0: Swinging Strike 2-1: Foul Ball, location: 2F 2-2: Ball 3-2: SINGLE (Groundball, 13) (infield hit) Pedro Cruz scores Raúl Guerra to second
|
Batting: RHB Armando Cruz
|
0-0: Ball 1-0: Ball 2-0: Ball 3-0: Base on Balls Raúl Guerra to third Francisco Castillo to second
|
Batting: RHB Justin Burgess
|
0-0: Swinging Strike 0-1: SINGLE (Line Drive, 89S) Raúl Guerra scores Francisco Castillo to third Armando Cruz to second Runner from 3rd tries for Home, SAFE, no throw or cutoff
|
Batting: RHB Luis Peña
|
0-0: Ball Armando Cruz steals 3rd base Justin Burgess to second 1-0: Ball 2-0: Ball 3-0: Called Strike 3-1: Ground out 5-3 (Groundball, 56) Armando Cruz scores
|
Batting: RHB Cisco Gatán
|
0-0: Ball 1-0: Ground out 4-3 (Groundball, 34)
|
Bottom of the 4th over - 4 run(s), 3 hit(s), 0 error(s), 1 left on base; Riverside 2 - San Diego 5 |
TOP OF THE 5TH |
Riverside Red Bulls batting - Pitching for San Diego Smashers : LHP John Lawson
|
Batting: SHB Chun-yeong Kim
|
0-0: Ball 1-0: Ball 2-0: Ball 3-0: Called Strike 3-1: Called Strike 3-2: Foul Ball, location: 2F 3-2: Strikes out swinging
|
Batting: RHB Joe Scott
|
0-0: Fly out, F8 (Flyball, 8RM)
|
Batting: RHB José Zúñiga
|
0-0: Foul Ball, location: 2F 0-1: Called Strike 0-2: Ball 1-2: Foul Ball, location: 2F 1-2: Ball 2-2: Foul Ball, location: 2F 2-2: Foul Ball, location: 2F 2-2: Ball 3-2: Strikes out swinging
|
Top of the 5th over - 0 run(s), 0 hit(s), 0 error(s), 0 left on base; Riverside 2 - San Diego 5 |
BOTTOM OF THE 5TH |
San Diego Smashers batting - Pitching for Riverside Red Bulls : RHP Derrick Baird
|
Pitching: RHP Roberto Costello
|
|
Batting: LHB António Glaviz
|
0-0: Ball 1-0: Swinging Strike 1-1: Ball 2-1: Foul Ball, location: 2F 2-2: Reached on error, E6 (Groundball, 6)
|
Batting: LHB Jeffrey Bascombe
|
0-0: Foul Ball, location: 2F 0-1: Fly out, F6 (Line Drive, 6M)
|
Batting: LHB Pedro Cruz
|
0-0: Ball 1-0: Fly out, F6 (Popup, 6)
|
Batting: LHB Raúl Guerra
|
0-0: Foul Ball, location: 2F 0-1: Ball 1-1: Ball 2-1: Fly out, F8 (Flyball, 8LD)
|
Bottom of the 5th over - 0 run(s), 0 hit(s), 1 error(s), 1 left on base; Riverside 2 - San Diego 5 |
TOP OF THE 6TH |
Riverside Red Bulls batting - Pitching for San Diego Smashers : LHP John Lawson
|
Batting: SHB Sloan James
|
0-0: Ball 1-0: Ball 2-0: Ball 3-0: Called Strike 3-1: Ground out 4-3 (Groundball, 34)
|
Batting: LHB Jorge Meléndez
|
0-0: Swinging Strike 0-1: Ball 1-1: Ball 2-1: Foul Ball, location: 2F 2-2: Foul Ball, location: 2F 2-2: SINGLE (Line Drive, 4D)
|
Batting: RHB Chris Osborn
|
0-0: Ball Jorge Meléndez steals 2nd base 1-0: Foul Ball, location: 2F 1-1: Foul Ball, location: 2F 1-2: Ball 2-2: Ball 3-2: Fly out, F8 (Flyball, 8RS)
|
Batting: RHB Júlio García
|
0-0: Ball 1-0: Called Strike 1-1: Swinging Strike 1-2: Ball 2-2: Foul Ball, location: 2F 2-2: Foul Ball, location: 2F 2-2: Ball 3-2: Base on Balls
|
Pitching: RHP Pepe Guillén
|
|
Batting: RHB Kyle Bacon
|
0-0: Called Strike 0-1: Foul Ball, location: 2F 0-2: Ball 1-2: Ground out 5-3 (Groundball, 56S)
|
Top of the 6th over - 0 run(s), 1 hit(s), 0 error(s), 2 left on base; Riverside 2 - San Diego 5 |
BOTTOM OF THE 6TH |
San Diego Smashers batting - Pitching for Riverside Red Bulls : RHP Roberto Costello
|
Batting: RHB Francisco Castillo
|
0-0: Ball 1-0: Called Strike 1-1: Swinging Strike 1-2: Fly out, F8 (Flyball, 8RM)
|
Batting: RHB Armando Cruz
|
0-0: Called Strike 0-1: Ball 1-1: Foul Ball, location: 2F 1-2: Ball 2-2: Foul Ball, location: 2F 2-2: Fly out, F7 (Flyball, 78M)
|
Batting: RHB Justin Burgess
|
0-0: Called Strike 0-1: Ball 1-1: Ball 2-1: Ball 3-1: Foul Ball, location: 2F 3-2: Foul Ball, location: 2F 3-2: Strikes out looking
|
Bottom of the 6th over - 0 run(s), 0 hit(s), 0 error(s), 0 left on base; Riverside 2 - San Diego 5 |
TOP OF THE 7TH |
Riverside Red Bulls batting - Pitching for San Diego Smashers : RHP Pepe Guillén
|
Batting: RHB Soshu Nakamura
|
0-0: Called Strike 0-1: Swinging Strike 0-2: Ball 1-2: Strikes out swinging
|
Batting: SHB Chun-yeong Kim
|
0-0: Ball 1-0: Ball 2-0: Ground out 4-3 (Groundball, 4)
|
Batting: RHB Joe Scott
|
0-0: Ball 1-0: Called Strike 1-1: Ball 2-1: Foul Ball, location: 2F 2-2: Foul Ball, location: 2F 2-2: Ball 3-2: Base on Balls
|
Batting: RHB José Zúñiga
|
0-0: Ball 1-0: Foul Ball, location: 2F 1-1: Ball 2-1: Ball 3-1: Base on Balls Joe Scott to second
|
Batting: SHB Sloan James
|
0-0: Called Strike 0-1: Swinging Strike 0-2: Ball 1-2: Strikes out swinging
|
Top of the 7th over - 0 run(s), 0 hit(s), 0 error(s), 2 left on base; Riverside 2 - San Diego 5 |
BOTTOM OF THE 7TH |
San Diego Smashers batting - Pitching for Riverside Red Bulls : RHP Roberto Costello
|
Pitching: RHP Cedric Sherston
|
|
Batting: RHB Luis Peña
|
0-0: Ball 1-0: Swinging Strike 1-1: Fly out, F5 (Line Drive, 56)
|
Batting: RHB Cisco Gatán
|
0-0: Ball 1-0: Ball 2-0: Ball 3-0: Called Strike 3-1: SINGLE (Groundball, 2R) (infield hit)
|
Batting: LHB António Glaviz
|
0-0: Ball 1-0: Called Strike 1-1: Foul Ball, location: 2F 1-2: Foul Ball, location: 2F 1-2: Ball 2-2: Foul Ball, location: 2F 2-2: Reached on Error, E7 (Flyball, 7S) Cisco Gatán to second
|
Batting: LHB Jeffrey Bascombe
|
0-0: Ball 1-0: Ball 2-0: Ball 3-0: Called Strike 3-1: Called Strike 3-2: Grounds into double play, 5-4-3 (Groundball, 56)
|
Bottom of the 7th over - 0 run(s), 1 hit(s), 1 error(s), 1 left on base; Riverside 2 - San Diego 5 |
TOP OF THE 8TH |
Riverside Red Bulls batting - Pitching for San Diego Smashers : RHP Pepe Guillén
|
Batting: LHB Jorge Meléndez
|
0-0: Called Strike 0-1: Ball 1-1: Foul Ball, location: 2F 1-2: Foul Ball, location: 2F 1-2: Ball 2-2: Ground out 5-3 (Groundball, 56)
|
Batting: RHB Chris Osborn
|
0-0: Ball 1-0: SINGLE (Groundball, 6MD)
|
Pitching: RHP Alberto Ortega
|
|
Batting: RHB Júlio García
|
0-0: Foul Ball, location: 2F 0-1: Grounds into double play, 1-4-3 (Groundball, 15)
|
Top of the 8th over - 0 run(s), 1 hit(s), 0 error(s), 0 left on base; Riverside 2 - San Diego 5 |
BOTTOM OF THE 8TH |
San Diego Smashers batting - Pitching for Riverside Red Bulls : RHP Cedric Sherston
|
Batting: LHB Pedro Cruz
|
0-0: Ball 1-0: Called Strike 1-1: Foul Ball, location: 2F 1-2: Ball 2-2: Ball 3-2: Ground out U3 (Groundball, 3S)
|
Pitching: RHP Wayne Barksdale
|
|
Batting: LHB Raúl Guerra
|
0-0: Ball 1-0: Ground out U3 (Groundball, 3)
|
Batting: RHB Francisco Castillo
|
0-0: Ground out 5-3 (Groundball, 56)
|
Bottom of the 8th over - 0 run(s), 0 hit(s), 0 error(s), 0 left on base; Riverside 2 - San Diego 5 |
TOP OF THE 9TH |
Riverside Red Bulls batting - Pitching for San Diego Smashers : RHP Alberto Ortega
|
Pitching: RHP Mark Ross
|
|
Now at 1B: Alfredo Fernández
|
|
Now at 2B: José González
|
|
Now in RF: Yoshitoki Kouda
|
|
Batting: RHB Kyle Bacon
|
0-0: Called Strike 0-1: Ball 1-1: Foul Ball, location: 2F 1-2: Ball 2-2: Ball 3-2: SINGLE (Flyball, 7S)
|
Batting: RHB Soshu Nakamura
|
0-0: Ball 1-0: DOUBLE (Flyball, 7LD) Kyle Bacon to third Runner from 3rd tries for Home, SAFE, throw made home
|
Batting: SHB Chun-yeong Kim
|
0-0: Ball 1-0: Ball 2-0: Ball 3-0: Fly out, F4 (Line Drive, 4)
|
Batting: RHB Joe Scott
|
0-0: Ball 1-0: Ball 2-0: Called Strike 2-1: SINGLE (Groundball, 56D) Soshu Nakamura to third Runner from 3rd tries for Home, SAFE, no throw or cutoff
|
Batting: RHB José Zúñiga
|
0-0: Called Strike 0-1: Ball 1-1: Foul Ball, location: 2F 1-2: Ball 2-2: Strikes out swinging
|
Batting: SHB Sloan James
|
0-0: Ball 1-0: 2-RUN HOME RUN (Flyball, 9D), Distance : 372 ft
|
Pitching: RHP Warren Johnson
|
|
Batting: LHB Jorge Meléndez
|
0-0: Fly out, F9 (Flyball, 89D)
|
Top of the 9th over - 4 run(s), 4 hit(s), 0 error(s), 0 left on base; Riverside 6 - San Diego 5 |
BOTTOM OF THE 9TH |
San Diego Smashers batting - Pitching for Riverside Red Bulls : RHP Wayne Barksdale
|
Pitching: LHP Raúl Juárez
|
|
Pinch Hitting: RHB Javier García
|
0-0: Called Strike 0-1: Ball 1-1: Called Strike 1-2: Foul Ball, location: 2F 1-2: Ball 2-2: Fly out, F8 (Flyball, 8RM)
|
Pinch Hitting: RHB Miguel Moreno
|
0-0: Called Strike 0-1: Ball 1-1: Foul Ball, location: 2F 1-2: Foul Ball, location: 2F 1-2: SINGLE (Line Drive, 34)
|
Batting: RHB Luis Peña
|
0-0: Ball 1-0: SINGLE (Flyball, 7LS) Miguel Moreno to second
|
Batting: RHB Cisco Gatán
|
0-0: Ball 1-0: Foul Ball, location: 2F 1-1: Ground out 5-3 (Groundball, 5) Miguel Moreno to third Luis Peña to second
|
Batting: LHB António Glaviz
|
0-0: Called Strike 0-1: DOUBLE (Groundball, 3L) Miguel Moreno scores Luis Peña scores
|
|